[Event "FRA-ch Youth U14 2019"]
[Site "Hyeres"]
[Date "2019.04.18"]
[Round "6.3"]
[White "Papadiamandis, Elliot"]
[Black "Bottazzi, Ulysse"]
[Result "1-0"]
[ECO "B90"]
[WhiteElo "2157"]
[BlackElo "1967"]
[Annotator "NA"]
[PlyCount "85"]
[EventDate "2019.04.14"]
[EventType "swiss"]
[EventCountry "FRA"]
[SourceTitle "playchess.com"]
[Source "ChessBase"]
[SourceQuality "1"]
[TimeControl "5400+30"]

1. e4 c5 2. Nf3 d6 3. d4 cxd4 4. Nxd4 Nf6 5. Nc3 a6 6. f3 Qb6 7. Nb3 e6 8. Qe2 Qc7 9. Be3 Nbd7 10. g4 Nb6 11. a4 d5 12. g5 Nfd7 13. exd5 Bb4 14. dxe6 fxe6 15. Bd2 Ne5 16. f4 Ng6 17. f5 Nf4 18. Qe4 Nfd5 19. Nxd5 Bxd2+ 20. Nxd2 Nxd5 21. fxe6 Ne7 22. Bd3 Qc6 23. Qxc6+ Nxc6 24. O-O Bxe6 25. Rae1 Kd7 26. Ne4 b6 27. Ng3 Rae8 28. Bxa6 Kc7 29. Bb5 Bd5 30. Rd1 Re5 31. Rf5 Rxf5 32. Nxf5 Be4 33. Nxg7 Ne5 34. Ne8+ Kb8 35. Rd6 Nf3+ 36. Kf2 Nxg5 37. Rxb6+ Ka7 38. Ra6+ Kb8 39. h4 Nf3 40. Nd6 Rf8 41. Nxe4 Nd4+ 42. Rf6 Rxf6+ 43. Nxf6 1-0

[Event "FRA-ch Youth U14 2019"]
[Site "Hyeres"]
[Date "2019.04.18"]
[Round "6.4"]
[White "Mathieu, Phileas"]
[Black "Candelot, Clement"]
[Result "1-0"]
[ECO "C57"]
[WhiteElo "2105"]
[BlackElo "1875"]
[Annotator "NA"]
[PlyCount "53"]
[EventDate "2019.04.14"]
[EventType "swiss"]
[EventCountry "FRA"]
[SourceTitle "playchess.com"]
[Source "ChessBase"]
[SourceQuality "1"]
[TimeControl "5400+30"]

1. e4 e5 2. Nf3 Nc6 3. Bc4 Nf6 4. Ng5 d5 5. exd5 b5 6. Bf1 Qxd5 7. Nc3 Qc5 8. Bxb5 Be7 9. Qf3 Bd7 10. b4 Qb6 11. Nd5 Nxd5 12. Qxf7+ Kd8 13. Qxd5 Bxg5 14. O-O a6 15. Ba4 Re8 16. d4 Bf6 17. Bb2 Kc8 18. dxe5 Bxe5 19. Bxe5 Rxe5 20. Qg8+ Re8 21. Qxg7 Re7 22. Qf8+ Re8 23. Qg7 Re7 24. Qg5 Re8 25. Rad1 Ne5 26. Bxd7+ Nxd7 27. Qd5 1-0

[Event "FRA-ch Youth U14 2019"]
[Site "Hyeres"]
[Date "2019.04.19"]
[Round "7.1"]
[White "Droin, Augustin"]
[Black "Mathieu, Phileas"]
[Result "0-1"]
[ECO "B30"]
[WhiteElo "2088"]
[BlackElo "2105"]
[Annotator "NA"]
[PlyCount "87"]
[EventDate "2019.04.14"]
[EventType "swiss"]
[EventCountry "FRA"]
[SourceTitle "playchess.com"]
[Source "ChessBase"]
[SourceQuality "1"]
[TimeControl "5400+30"]

1. e4 c5 2. Nf3 Nc6 3. Bb5 e6 4. Bxc6 bxc6 5. O-O Ne7 6. e5 Qc7 7. d3 Ng6 8. Qe2 f6 9. Re1 Be7 10. Nbd2 O-O 11. exf6 gxf6 12. Nf1 d5 13. h4 Kh8 14. c3 Rg8 15. d4 Nf4 16. Bxf4 Qxf4 17. N1h2 Bd6 18. Qe3 Qf5 19. Kh1 Bd7 20. Rg1 e5 21. dxc5 Bc7 22. Rae1 Rae8 23. b4 Qh5 24. g3 Rg7 25. Nd2 Reg8 26. Qf3 Qh6 27. Qe3 Qh5 28. Qf3 Qg6 29. Qe3 f5 30. Ndf3 e4 31. Ng5 Qf6 32. Nh3 f4 33. Nxf4 Bxf4 34. gxf4 Qxh4 35. Rxg7 Rxg7 36. Rg1 Bg4 37. Rxg4 Rxg4 38. Qd4+ Rg7 39. Qe5 Qe7 40. Qd4 Qf7 41. Qe5 Qe7 42. Qd4 h6 43. b5 Qf7 44. Qe5 0-1

[Event "FRA-ch Youth U14 2019"]
[Site "Hyeres"]
[Date "2019.04.19"]
[Round "7.2"]
[White "Meillon, Judicael"]
[Black "Papadiamandis, Elliot"]
[Result "0-1"]
[ECO "A06"]
[WhiteElo "1987"]
[BlackElo "2157"]
[Annotator "NA"]
[PlyCount "160"]
[EventDate "2019.04.14"]
[EventType "swiss"]
[EventCountry "FRA"]
[SourceTitle "playchess.com"]
[Source "ChessBase"]
[SourceQuality "1"]
[TimeControl "5400+30"]

1. e3 Nf6 2. Nf3 d5 3. b3 e6 4. Bb2 Be7 5. Be2 Nbd7 6. O-O O-O 7. d3 b6 8. Nbd2 Bb7 9. h3 c5 10. Nh2 e5 11. c4 Re8 12. Ng4 Bf8 13. cxd5 Nxd5 14. Bf3 f5 15. Nh2 N7f6 16. Re1 Rb8 17. a3 b5 18. Qc2 Qd7 19. Rac1 Nb6 20. Bxb7 Qxb7 21. d4 cxd4 22. Qxf5 dxe3 23. Rxe3 Qd7 24. Qxd7 Nbxd7 25. Ne4 Nxe4 26. Rxe4 Rbc8 27. Rxc8 Rxc8 28. Ng4 Rc2 29. Bxe5 Nxe5 30. Nxe5 Bxa3 31. b4 Bb2 32. g4 a6 33. Nd3 Bf6 34. Re6 Rc3 35. Nf4 Ra3 36. Kg2 Ra2 37. Nd3 Kf7 38. Nc5 a5 39. bxa5 Bd4 40. Rc6 Rxf2+ 41. Kg3 Rc2 42. a6 Bxc5 43. a7 Bf2+ 44. Kf3 Ra2 45. Rc7+ Kf6 46. a8=Q Rxa8 47. Kxf2 Rb8 48. Rc3 b4 49. Rb3 Ke5 50. Ke3 Kd5 51. Kd3 Kc5 52. Kc2 Ra8 53. Rf3 Ra2+ 54. Kc1 Ra7 55. Kc2 Ra2+ 56. Kc1 Rh2 57. g5 g6 58. Re3 Kd4 59. Rg3 Kc4 60. Rf3 b3 61. Rf4+ Kc3 62. Rf3+ Kb4 63. Rf7 Kc3 64. Rb7 Rxh3 65. Rc7+ Kd4 66. Kb2 Ke4 67. Rf7 Ke5 68. Rf1 Ke6 69. Rf2 Rh5 70. Kxb3 Rxg5 71. Kc3 Rd5 72. Re2+ Kf6 73. Rf2+ Kg7 74. Kc4 Rd1 75. Ra2 h5 76. Ra7+ Kh6 77. Ra8 h4 78. Rb8 g5 79. Rg8 Kh5 80. Kc3 h3 0-1

[Event "FRA-ch Youth U14 2019"]
[Site "Hyeres"]
[Date "2019.04.19"]
[Round "7.3"]
[White "Fardet, Elouan"]
[Black "Auroux, William"]
[Result "1-0"]
[ECO "B07"]
[WhiteElo "2001"]
[BlackElo "1983"]
[Annotator "NA"]
[PlyCount "101"]
[EventDate "2019.04.14"]
[EventType "swiss"]
[EventCountry "FRA"]
[SourceTitle "playchess.com"]
[Source "ChessBase"]
[SourceQuality "1"]
[TimeControl "5400+30"]

1. e4 g6 2. d4 Bg7 3. Nf3 d6 4. c3 Nf6 5. Bd3 O-O 6. O-O Nbd7 7. Re1 e5 8. Nbd2 b6 9. Nf1 Bb7 10. Ng3 Re8 11. Bc2 Qe7 12. a4 a5 13. b3 Red8 14. Ba3 Qe8 15. d5 Nf8 16. b4 h5 17. bxa5 Rxa5 18. Bb4 Ra7 19. Qd2 Rda8 20. Ra3 N8d7 21. Rea1 Qb8 22. c4 Bf8 23. Ne2 Ba6 24. Bd3 Rb7 25. Nc3 Rba7 26. Ne1 Ne8 27. Nc2 Nc5 28. Be2 Be7 29. f4 exf4 30. Nd4 Bb7 31. Qxf4 Bf6 32. Ndb5 Ra6 33. a5 bxa5 34. Bxc5 dxc5 35. e5 Bg7 36. Ne4 c6 37. Nbd6 Nxd6 38. Nxd6 R6a7 39. Qxf7+ Kh7 40. Rg3 Ba6 41. Qxg6+ Kg8 42. Rf1 Qc7 43. Rf7 Qxf7 44. Nxf7 Rxf7 45. Bxh5 Re7 46. d6 Rb7 47. Qe6+ Kh8 48. Rh3 Rb1+ 49. Bd1+ Bh6 50. Rxh6+ Kg7 51. Qf6+ 1-0

[Event "FRA-ch Youth U14 2019"]
[Site "Hyeres"]
[Date "2019.04.19"]
[Round "7.4"]
[White "Roux, Baptiste"]
[Black "Emmenecker, Pierre-Antoine"]
[Result "0-1"]
[ECO "C64"]
[WhiteElo "2054"]
[BlackElo "1950"]
[Annotator "NA"]
[PlyCount "126"]
[EventDate "2019.04.14"]
[EventType "swiss"]
[EventCountry "FRA"]
[SourceTitle "playchess.com"]
[Source "ChessBase"]
[SourceQuality "1"]
[TimeControl "5400+30"]

1. e4 e5 2. Nf3 Nc6 3. Bb5 Bc5 4. O-O Nd4 5. Nxd4 Bxd4 6. c3 Bb6 7. d4 c6 8. Ba4 d6 9. Na3 Nf6 10. Nc4 Nxe4 11. dxe5 Nxf2 12. Nxd6+ Qxd6 13. Qxd6 Ne4+ 14. Kh1 Nxd6 15. exd6 Be6 16. Bf4 O-O-O 17. Bb3 Bxb3 18. axb3 Rhe8 19. Bg3 f6 20. Rfe1 Kd7 21. Reb1 Re2 22. b4 Rde8 23. c4 Bd4 24. c5 a6 25. Rd1 Bxb2 26. Rab1 Bc3 27. Rdc1 Rb2 28. Rxb2 Bxb2 29. Rb1 Bc3 30. Rb3 Re3 31. Kg1 Bd4 32. Rxe3 Bxe3+ 33. Kf1 a5 34. Ke2 Bg1 35. Be1 axb4 36. Bxb4 Bxh2 37. Kf1 b6 38. cxb6 Bxd6 39. b7 Bb8 40. g4 Kc7 41. Bf8 g6 42. Be7 f5 43. gxf5 gxf5 44. Ke2 Kxb7 45. Ke3 Be5 46. Kd3 Kc7 47. Bc5 Kd7 48. Ke3 Ke6 49. Kf3 Kd5 50. Be3 c5 51. Bc1 c4 52. Ke3 Kc5 53. Ba3+ Kb5 54. Kd2 Ka4 55. Bc5 Kb3 56. Be3 c3+ 57. Kd3 c2 58. Bc1 Bb2 59. Bh6 c1=Q 60. Bxc1 Bxc1 61. Kd4 f4 62. Ke4 Be3 63. Kf3 Kc4 0-1

[Event "FRA-ch Youth U14 2019"]
[Site "Hyeres"]
[Date "2019.04.20"]
[Round "8.1"]
[White "Papadiamandis, Elliot"]
[Black "Droin, Augustin"]
[Result "1/2-1/2"]
[ECO "B80"]
[WhiteElo "2157"]
[BlackElo "2088"]
[Annotator "NA"]
[PlyCount "55"]
[EventDate "2019.04.14"]
[EventType "swiss"]
[EventCountry "FRA"]
[SourceTitle "playchess.com"]
[Source "ChessBase"]
[SourceQuality "1"]
[TimeControl "5400+30"]

1. e4 c5 2. Nf3 Nc6 3. d4 cxd4 4. Nxd4 e6 5. Nc3 d6 6. Nxc6 bxc6 7. Bd3 Be7 8. O-O Nf6 9. Qe2 d5 10. Re1 O-O 11. exd5 cxd5 12. Bf4 Bd6 13. Qd2 Rb8 14. Nb5 Bxf4 15. Qxf4 Bd7 16. a4 a6 17. Nc7 Rxb2 18. Qd4 Rb8 19. Nxa6 Ra8 20. Nc5 Qc7 21. Nxd7 Nxd7 22. c4 Qc5 23. Qh4 Nf6 24. cxd5 Qxd5 25. Be4 Nxe4 26. Qxe4 Qa5 27. Qe5 Qa6 28. h3 1/2-1/2

[Event "FRA-ch Youth U14 2019"]
[Site "Hyeres"]
[Date "2019.04.20"]
[Round "8.2"]
[White "Emmenecker, Pierre-Antoine"]
[Black "Fardet, Elouan"]
[Result "0-1"]
[ECO "B23"]
[WhiteElo "1950"]
[BlackElo "2001"]
[Annotator "NA"]
[PlyCount "74"]
[EventDate "2019.04.14"]
[EventType "swiss"]
[EventCountry "FRA"]
[SourceTitle "playchess.com"]
[Source "ChessBase"]
[SourceQuality "1"]
[TimeControl "5400+30"]

1. e4 c5 2. Nc3 Nc6 3. f4 g6 4. Nf3 Bg7 5. Bb5 Nd4 6. Bd3 d6 7. O-O Nf6 8. Nxd4 cxd4 9. Ne2 O-O 10. c3 e5 11. cxd4 exd4 12. Ng3 h5 13. f5 h4 14. Nh1 Re8 15. Qf3 g5 16. Nf2 Bd7 17. b3 Bc6 18. Re1 Nd7 19. Ng4 Ne5 20. Nxe5 Bxe5 21. Bb2 d5 22. Re2 Qd6 23. h3 dxe4 24. Rxe4 Bxe4 25. Bxe4 d3 26. Bxe5 Rxe5 27. Qe3 Qc5 28. Qxc5 Rxc5 29. Bxb7 Re8 30. Ba6 Rxf5 31. Bxd3 Rd5 32. Bc4 Rxd2 33. Rf1 Re7 34. Rf5 Re1+ 35. Kh2 Rdd1 36. Rxg5+ Kf8 37. g4 Rd2+ 0-1

[Event "FRA-ch Youth U14 2019"]
[Site "Hyeres"]
[Date "2019.04.20"]
[Round "8.3"]
[White "Mathieu, Phileas"]
[Black "Nguyen-Cadoret, Nathan"]
[Result "1-0"]
[ECO "C44"]
[WhiteElo "2105"]
[BlackElo "2211"]
[Annotator "NA"]
[PlyCount "141"]
[EventDate "2019.04.14"]
[EventType "swiss"]
[EventCountry "FRA"]
[SourceTitle "playchess.com"]
[Source "ChessBase"]
[SourceQuality "1"]
[TimeControl "5400+30"]

1. e4 e5 2. Nf3 Nc6 3. c3 Nf6 4. d4 exd4 5. e5 Nd5 6. cxd4 Bb4+ 7. Bd2 Bxd2+ 8. Nbxd2 O-O 9. Bc4 Nf4 10. g3 Ng6 11. O-O d5 12. Bd3 Bg4 13. Qb3 Rb8 14. Rac1 Nce7 15. Rfe1 c6 16. Bf1 Qd7 17. Qc3 Rfc8 18. b4 Qf5 19. Qe3 h6 20. Bg2 Qh5 21. a4 Nf5 22. Qd3 Nf8 23. Nb3 Ne6 24. h4 Qg6 25. Red1 Re8 26. Rd2 Re7 27. Nh2 Bh5 28. Bh3 Nxh4 29. Qxg6 Nxg6 30. Bxe6 Rxe6 31. g4 Bxg4 32. Nxg4 Nh4 33. Nh2 Rg6+ 34. Kh1 Rg5 35. Rg1 Rh5 36. Rd3 Rf5 37. Rh3 Ng6 38. Rf3 Nh4 39. Rxf5 Nxf5 40. Ng4 Kh7 41. Ne3 Nh4 42. Rg4 Nf3 43. Rg3 Ng5 44. Rg1 Ne4 45. Kg2 Nc3 46. Ra1 Re8 47. Nc5 b6 48. Nd3 Ne2 49. Nc2 Re6 50. Kf3 Nc3 51. Nf4 Re7 52. a5 c5 53. bxc5 bxc5 54. dxc5 Rxe5 55. c6 Nb5 56. Rd1 Nc7 57. Nb4 d4 58. Rxd4 Rxa5 59. Rd7 Ra3+ 60. Kg2 Nb5 61. c7 Rc3 62. Nfd5 Rc4 63. Na6 Nxc7 64. Ndxc7 Kg6 65. Nd5 Ra4 66. Ndb4 f5 67. Rxa7 Kf6 68. Rb7 g5 69. Rb6+ Kg7 70. Nc5 Ra3 71. Ne6+ 1-0

[Event "FRA-ch Youth U14 2019"]
[Site "Hyeres"]
[Date "2019.04.20"]
[Round "8.4"]
[White "Lamaze, Simon"]
[Black "Meillon, Judicael"]
[Result "1-0"]
[ECO "E16"]
[WhiteElo "1937"]
[BlackElo "1987"]
[Annotator "NA"]
[PlyCount "103"]
[EventDate "2019.04.14"]
[EventType "swiss"]
[EventCountry "FRA"]
[SourceTitle "playchess.com"]
[Source "ChessBase"]
[SourceQuality "1"]
[TimeControl "5400+30"]

1. Nf3 Nf6 2. d4 e6 3. c4 Bb4+ 4. Bd2 a5 5. g3 b6 6. Bg2 Bb7 7. O-O O-O 8. Nc3 d6 9. Rc1 Nbd7 10. Qc2 Bxc3 11. Bxc3 Ne4 12. Ng5 Qxg5 13. Bxe4 Bxe4 14. Qxe4 d5 15. Qc2 f5 16. Bd2 Qg4 17. cxd5 Nf6 18. dxe6 Rae8 19. Bf4 Qh3 20. f3 Nd5 21. e3 Rxe6 22. Qb3 Nxf4 23. exf4 Rfe8 24. Rfe1 Kf7 25. Rc6 Qh6 26. Re5 Qf6 27. Qd5 g6 28. Rxc7+ Kf8 29. Qd7 R8e7 30. Rxe6 Qxe6 31. Qxe7+ Qxe7 32. Rxe7 Kxe7 33. Kf2 Kd6 34. Ke3 Kc6 35. Kd3 b5 36. b3 Kd5 37. a4 b4 38. g4 h6 39. g5 hxg5 40. fxg5 Ke6 41. f4 Kd6 42. Kc4 Kc6 43. d5+ Kd7 44. Kc5 Kc7 45. d6+ Kd8 46. Kc6 Kc8 47. d7+ Kd8 48. h3 Ke7 49. Kc7 Ke6 50. d8=Q Kf7 51. Qf6+ Kg8 52. Qe7 1-0

[Event "FRA-ch Youth U14 2019"]
[Site "Hyeres"]
[Date "2019.04.21"]
[Round "9.1"]
[White "Fardet, Elouan"]
[Black "Mathieu, Phileas"]
[Result "1-0"]
[ECO "B70"]
[WhiteElo "2001"]
[BlackElo "2105"]
[Annotator "NA"]
[PlyCount "154"]
[EventDate "2019.04.14"]
[EventType "swiss"]
[EventCountry "FRA"]
[SourceTitle "playchess.com"]
[Source "ChessBase"]
[SourceQuality "1"]
[TimeControl "5400+30"]

1. e4 c5 2. Nf3 Nc6 3. d4 cxd4 4. Nxd4 Nf6 5. Nc3 d6 6. g3 g6 7. Nde2 Bg7 8. Bg2 O-O 9. O-O Bd7 10. h3 a6 11. a4 Rb8 12. Nd5 Nxd5 13. exd5 Ne5 14. Ra2 e6 15. dxe6 Bxe6 16. b3 d5 17. Nf4 d4 18. Nxe6 fxe6 19. Bf4 g5 20. Bd2 Qf6 21. f4 Ng6 22. fxg5 Qe5 23. Rxf8+ Rxf8 24. Qe1 Qc7 25. Bb4 Rf7 26. Be4 Ne5 27. Kg2 Qd8 28. Qe2 Qxg5 29. Bd2 Qf6 30. a5 Bf8 31. Ra4 Bc5 32. Bf4 Ng6 33. Bxg6 Qxg6 34. Kh2 h5 35. Rc4 Qf5 36. b4 Ba7 37. Rc8+ Kh7 38. Ra8 d3 39. cxd3 Bd4 40. Re8 e5 41. Be3 Bc3 42. Bc5 Kg7 43. Qe4 Qd7 44. Ra8 Qe6 45. Qe2 Qg6 46. Rd8 Qg5 47. Rd6 Kh8 48. h4 Qf5 49. Rh6+ Kg8 50. Rxh5 Qe6 51. Rg5+ Kh8 52. Qg4 Qxg4 53. Rxg4 Rd7 54. Kg2 Rxd3 55. Re4 Kg7 56. g4 Kf6 57. Kf2 Rd1 58. Ke2 Rh1 59. h5 Ke6 60. Re3 Bb2 61. Rd3 Rh4 62. Rd6+ Kf7 63. Rg6 Rh3 64. Rb6 Rg3 65. Rxb7+ Kf6 66. Rb6+ Kg5 67. Rg6+ Kf4 68. h6 Ke4 69. Bf2 Rg2 70. Kf1 Rh2 71. Kg1 Rh3 72. Kg2 Rf3 73. h7 Bd4 74. Bxd4 Rf8 75. Rg8 Rf4 76. h8=Q exd4 77. Re8+ Kd3 1-0

[Event "FRA-ch Youth U14 2019"]
[Site "Hyeres"]
[Date "2019.04.21"]
[Round "9.2"]
[White "Droin, Augustin"]
[Black "Lamaze, Simon"]
[Result "1/2-1/2"]
[ECO "B30"]
[WhiteElo "2088"]
[BlackElo "1937"]
[Annotator "NA"]
[PlyCount "108"]
[EventDate "2019.04.14"]
[EventType "swiss"]
[EventCountry "FRA"]
[SourceTitle "playchess.com"]
[Source "ChessBase"]
[SourceQuality "1"]
[TimeControl "5400+30"]

1. e4 c5 2. Nf3 Nc6 3. Bb5 Qc7 4. O-O a6 5. Bxc6 Qxc6 6. Nc3 d6 7. h3 e6 8. d4 cxd4 9. Nxd4 Qc7 10. Be3 Nf6 11. a4 b6 12. Nf3 Bb7 13. Qd4 Be7 14. Rfe1 Qc5 15. e5 Qxd4 16. Bxd4 Nd7 17. exd6 Bxd6 18. Nd2 O-O 19. Nc4 Bc7 20. Red1 Bc6 21. Na3 Rfd8 22. b4 Nf6 23. b5 Bb7 24. bxa6 Rxa6 25. Nab5 Rc8 26. Nxc7 Rxc7 27. Bxb6 Rc8 28. a5 h6 29. Nb5 Nd5 30. Nd6 Rb8 31. Nc4 Rc8 32. Nd6 Rb8 33. Rdb1 Ba8 34. Ne4 Nxb6 35. Nc5 Ra7 36. axb6 Rxb6 37. Rxb6 Rxa1+ 38. Kh2 Bd5 39. Rb8+ Kh7 40. Rc8 Ra2 41. Nd7 Kg6 42. Kg3 Ra7 43. Ne5+ Kf6 44. Ng4+ Ke7 45. c4 Ra3+ 46. Kh2 Rc3 47. Rc7+ Ke8 48. c5 Rc2 49. Rc8+ Ke7 50. Rg8 g6 51. Kg3 Rxc5 52. Nxh6 Kd7 53. Ng4 Ke7 54. Nh6 Kd7 1/2-1/2

[Event "FRA-ch Youth U14 2019"]
[Site "Hyeres"]
[Date "2019.04.21"]
[Round "9.3"]
[White "Papadiamandis, Elliot"]
[Black "Radovanovic, Luka"]
[Result "1-0"]
[ECO "B38"]
[WhiteElo "2157"]
[BlackElo "2111"]
[Annotator "NA"]
[PlyCount "147"]
[EventDate "2019.04.14"]
[EventType "swiss"]
[EventCountry "FRA"]
[SourceTitle "playchess.com"]
[Source "ChessBase"]
[SourceQuality "1"]
[TimeControl "5400+30"]

1. e4 c5 2. Nf3 Nc6 3. d4 cxd4 4. Nxd4 g6 5. c4 Bg7 6. Be3 Nf6 7. Nc3 O-O 8. Be2 d6 9. O-O Bd7 10. Nc2 Ne8 11. Qd2 Nc7 12. Rad1 Be6 13. b3 f5 14. exf5 Bxf5 15. Nd4 Qd7 16. Bf3 Bg4 17. Bxg4 Qxg4 18. h3 Qd7 19. Ne4 Nxd4 20. Bxd4 Qf5 21. Ng3 Qf7 22. Qe3 b6 23. Bxg7 Qxg7 24. Qe4 Na6 25. Rde1 Rae8 26. Qb7 Nc5 27. Qxa7 Ra8 28. Qxe7 Qxe7 29. Rxe7 Rxa2 30. Re3 Rb2 31. Ne4 Nxe4 32. Rxe4 Rxb3 33. Rd4 Rc8 34. Ra1 Rc7 35. Rxd6 Rxc4 36. Rd7 Rc8 37. Raa7 b5 38. Rg7+ Kh8 39. Rxh7+ Kg8 40. Rhg7+ Kh8 41. Rxg6 Rb1+ 42. Kh2 b4 43. Rb6 b3 44. Rab7 Rc3 45. Ra6 Rc8 46. Ra3 Rf1 47. Raxb3 Rxf2 48. Rb8 Rxb8 49. Rxb8+ Kg7 50. h4 Rc2 51. Kh3 Rc4 52. Rb3 Kh6 53. g4 Rc6 54. Kg3 Ra6 55. Re3 Rb6 56. Kf4 Ra6 57. Kf5 Ra5+ 58. Re5 Ra1 59. Re6+ Kh7 60. h5 Rf1+ 61. Kg5 Ra1 62. Re7+ Kh8 63. Rf7 Ra6 64. h6 Rb6 65. Rf6 Rb7 66. Kg6 Rb8 67. g5 Rg8+ 68. Kh5 Rb8 69. Ra6 Rc8 70. Ra5 Kg8 71. g6 Kh8 72. h7 Kg7 73. Ra7+ Kf6 74. Rf7+ 1-0

[Event "FRA-ch Youth U14 2019"]
[Site "Hyeres"]
[Date "2019.04.21"]
[Round "9.4"]
[White "Bottazzi, Ulysse"]
[Black "Eveno, Nathan"]
[Result "1/2-1/2"]
[ECO "B99"]
[WhiteElo "1967"]
[BlackElo "1764"]
[Annotator "NA"]
[PlyCount "62"]
[EventDate "2019.04.14"]
[EventType "swiss"]
[EventCountry "FRA"]
[SourceTitle "playchess.com"]
[Source "ChessBase"]
[SourceQuality "1"]
[TimeControl "5400+30"]

1. e4 c5 2. Nf3 d6 3. d4 cxd4 4. Nxd4 Nf6 5. Nc3 a6 6. Bg5 e6 7. f4 Be7 8. Qf3 Qc7 9. O-O-O Nbd7 10. g4 b5 11. Bxf6 Nxf6 12. g5 Nd7 13. f5 Bxg5+ 14. Kb1 Ne5 15. Qh5 Qd8 16. fxe6 g6 17. exf7+ Kxf7 18. Qe2 Bg4 19. Qf2+ Qf6 20. Qxf6+ Bxf6 21. Be2 Bxe2 22. Ndxe2 Nc4 23. Rd3 Rae8 24. Ng3 b4 25. Nd1 Be5 26. Nf1 Rhf8 27. Nfe3 Nxe3 28. Nxe3 Bf4 29. Nd5 Rxe4 30. Nxf4 Rxf4 31. Rxd6 Ke7 1/2-1/2